 Dungeon Crawl Stone Soup version 0.26-a0-660-gc07710193c (webtiles) character file.

Game seed: 377722779465790537

68 tacoguy the Conjurer (level 4, 0/24 HPs)
             Began as a Deep Elf Conjurer on Oct 5, 2020.
             Slain by a scorpion (6 damage)
             ... on level 3 of the Dungeon.
             The game lasted 00:08:39 (3053 turns).

tacoguy the Conjurer (Deep Elf Conjurer)            Turns: 3053, Time: 00:08:40

Health: 0/24       AC:  5    Str:  4    XL:     4   Next: 1%
Magic:  12/12      EV: 13    Int: 24    God:
Gold:   81         SH:  0    Dex: 13    Spells: 1/12 levels left

rFire    . . .     SeeInvis .   b - +3 dagger (elec)
rCold    . . .     Faith    +   (no shield)
rNeg     . . .     Spirit   .   a - +1 robe
rPois    .         Reflect  .   (no helmet)
rElec    .         Harm     .   (no cloak)
rCorr    .         Rampage  .   g - +0 pair of gloves
MR       .....                  e - +0 pair of boots (curse)
Stlth    ++........             c - amulet of faith
HPRegen  0.08/turn              (no ring)
MPRegen  0.13/turn              (no ring)

@: no status effects
A: hooves 1, evolution 1, subdued magic 1
a: no special abilities


You were on level 3 of the Dungeon.
You visited 1 branch of the dungeon, and saw 3 of its levels.

You collected 81 gold pieces.

Inventory:

Hand Weapons
 b - a +3 dagger of electrocution (weapon)
Armour
 a - a +1 robe (worn)
 e - a cursed +0 pair of boots (worn)
 g - a +0 pair of gloves (worn)
Jewellery
 c - an amulet of faith (around neck)
Wands
 j - a wand of enslavement (8)
Scrolls
 d - a scroll of magic mapping
 h - a scroll of teleportation
 k - a scroll of blinking {unknown}
Potions
 f - 2 potions of heal wounds
 i - a potion of stabbing {unknown}


   Skills:
 - Level 2.4 Dodging
 - Level 2.4 Stealth
 - Level 0.1 Unarmed Combat
 * Level 4.8 Spellcasting
 + Level 5.1 Conjurations


You had one spell level left.
You knew the following spells:

 Your Spells              Type           Power        Failure   Level
a - Magic Dart            Conj           ###.         1%          1
b - Searing Ray           Conj           ###...       1%          2
c - Fulminant Prism       Conj/Hex       ##........   26%         4
d - Iskenderun's Mystic   Conj/Tloc      ##......     26%         4

Your spell library contained the following spells:

 Spells                   Type           Power        Failure   Level
 Dazzling Flash           Conj/Hex       ##....       8%          3


Dungeon Overview and Level Annotations

Branches:
Dungeon (3/15)

Altars:
Kikubaaqudgha
Trog

Annotations:
D:3 1 transporter


Innate Abilities, Weirdness & Mutations

You have large cloven feet.
You evolve.
Your spells are a little easier to cast, but a little less powerful.


Message History

The centaur shouts!
The leopard gecko hisses menacingly.
There is a transporter here.
You enter the transporter and appear at another place.
The centaur wields a +0 shortbow.
The centaur shoots an arrow.
The arrow hits you.
You can't go down here!
Unknown command.
The centaur wields a +0 shortbow.
The centaur shoots an arrow.
The arrow hits you but does no damage. The orc misses you.
You see here an arrow.
The leopard gecko hisses menacingly.
The leopard gecko bites you but does no damage.
The centaur unwields a +0 shortbow.
The centaur misses you.
The centaur wields a +0 shortbow.
The centaur shoots an arrow.
The arrow hits you!
Ouch! That really hurt!
* * * LOW HITPOINT WARNING * * *
The scorpion stings you.
You die...

.# #.##........## .#
#.########...##### .#
#.####.....©.....##
.###.#....#########..#
.........##8.....8##.#
.........#...s.....#.#
.........#.##.oc##.#.#
.........#.##.ls##.#.#
.###.#...#....c.@.©#.#
.###.#...#.##...##.#.#
..##.#...#.##...##.#.#
#.##.###.#...)..[..#.#
#.##.# #.##8$._?$8##.#
#..#.# #..#########..#
##.#.####.....©.....##
#....# #####...#####
##.#.#######..##


You could see 2 centaurs, 2 scorpions, an orc and a leopard gecko.

Vanquished Creatures
  An adder (D:2)
  A dart slug (D:1)
  A leopard gecko (D:2)
  4 giant cockroaches
  8 goblins
  7 hobgoblins
  4 jackals (D:1)
  7 kobolds
  2 quokkas
  8 bats
  3 frilled lizards (D:1)
  6 rats
52 creatures vanquished.

Notes
Turn   | Place    | Note
-------+----------+-------------------------------------------
     0 | D:1      | tacoguy the Deep Elf Conjurer began the quest for the Orb.
     0 | D:1      | Reached XP level 1. HP: 10/10 MP: 6/6
   208 | D:1      | Reached XP level 2. HP: 10/15 MP: 8/8
   340 | D:1      | Learned a level 2 spell: Searing Ray
   663 | D:1      | Reached XP level 3. HP: 19/19 MP: 7/10
   902 | D:1      | Reached skill level 5 in Conjurations
  1390 | D:2      | Gained mutation: You have large cloven feet. [potion of
                  | mutation]
  1390 | D:2      | Gained mutation: Your spells are a little easier to cast,
                  | but a little less powerful. [potion of mutation]
  1390 | D:2      | Gained mutation: You evolve. [potion of mutation]
  1871 | D:2      | Found a bloodstained altar of Trog.
  2418 | D:3      | Reached XP level 4. HP: 24/24 MP: 5/12
  2472 | D:3      | Learned a level 4 spell: Fulminant Prism
  2477 | D:3      | Learned a level 4 spell: Iskenderun's Mystic Blast
  2533 | D:3      | Found a transporter.
  2543 | D:3      | Noticed a centaur
  2544 | D:3      | Found a transporter.
  2548 | D:3      | Noticed a centaur
  2555 | D:3      | Found an ancient bone altar of Kikubaaqudgha.
  3053 | D:3      | Slain by a scorpion

Illustrated notes

Levels and vault maps discovered:
D:1:      dpeg_arrival_round_b, layout_basic
D:2:      layout_basic, lemuel_doored_altar
D:3:      layout_basic, gammafunk_temple_overflow_arena

Skill      XL: |  1  2  3 |
---------------+----------+-----
Spellcasting   | 4 |  4.8
Conjurations   | 5 |  5.1
Dodging        | |  2.4
Stealth        | |  2.4
Unarmed Combat | |  0.1

Action                   |  1- 3 |  4- 6 || total
-------------------------+-------+-------++-------
Melee: Dagger            |     4 |       ||     4
       Unarmed           |     3 |       ||     3
 Cast: Magic Dart        |    68 |     2 ||    70
       Searing Ray       |     4 |       ||     4
  Use: Scroll            |     9 |       ||     9
       Potion            |     1 |       ||     1
Armor: Robe              |     3 |     2 ||     5
Dodge: Dodged            |     1 |     2 ||     3

Table legend: (Time is in decaauts)
 A = Elapsed time spent in this place.
 B = Non-inter-level travel time spent in this place.
 C = Inter-level travel time spent in this place.
 D = Time resting spent in this place.
 E = Time spent auto-exploring this place.
 F = Levels seen in this place.
 G = Mean time per level.
                   A        B        C        D        E       F      G
               +--------+--------+--------+--------+--------+-----+--------+
         Total |   3052 |   2902 |    150 |    620 |   2037 |   3 | 1017.3 |
       Dungeon |   3052 |   2902 |    150 |    620 |   2037 |   3 | 1017.3 |
               +--------+--------+--------+--------+--------+-----+--------+

Top non-repeatable levels by time:
     D:1: 1158 daAuts
     D:2: 1080 daAuts
     D:3: 812 daAuts
